[Event "Team 45 45 League T51"]
[Site "Internet Chess Club"]
[Date "2011.12.11"]
[Round "5"]
[White "oldsj"]
[Black "Invicta-Knight"]
[Result "1-0"]
[WhiteElo "1466"]
[BlackElo "1464"]
[Opening "Scandinavian defense"]
[ECO "B01"]
[Time "13:02:34"]
[TimeControl "2700+45"]

1. e4 d5 2. exd5 Nf6 3. d4 Qxd5 4. c4 Qd8 5. Nf3 g6 6. Be2 Bg7 7. O-O c6 8. Nc3
O-O 9. Bf4 Bg4 10. h3 Bxf3 11. Bxf3 Nbd7 12. Rc1 Qb6 13. b3 Ne8 14. d5 c5 15.
Qd2 Nd6 16. Bh6 Ne5 17. Be4 Nxe4 18. Nxe4 Rfd8 19. Bxg7 Kxg7 20. Qc3 f6 21. Ng5
Rd7 22. Ne6+ Kg8 23. Rfe1 Nf7 24. Rc2 a5 25. a4 Nd8 26. Rce2 Kf7 27. Qg3 Qd6 28.
Qh4 h5 29. Qe4 b6 30. Qe3 g5 31. Qf3 {Black resigns} 1-0

[Event "Team 45 45 League T51"]
[Site "Internet Chess Club"]
[Date "2011.12.11"]
[Round "5"]
[White "Whalen"]
[Black "smsxman"]
[Result "1-0"]
[WhiteElo "1623"]
[BlackElo "1441"]
[Opening "English, 1...Nf6 (Anglo-Indian defense)"]
[ECO "A15"]
[Time "13:01:28"]
[TimeControl "2700+45"]

1. c4 Nf6 2. g3 e5 3. Bg2 Nc6 4. Nc3 a6 5. Nf3 Rb8 6. O-O Be7 7. d4 exd4 8. Nxd4
Bc5 9. Nb3 Be7 10. Re1 b6 11. e4 O-O 12. e5 Ne8 13. a3 Bb7 14. Nd5 d6 15. e6
fxe6 16. Rxe6 Bc8 17. Re1 Bb7 18. Bf4 Nf6 19. Bg5 Nxd5 20. Bxd5+ Kh8 21. Bxe7
Nxe7 22. Bxb7 Rxb7 23. Nd4 Re8 24. Qf3 Rb8 25. Qf7 g6 26. Qf6+ Kg8 27. Ne6 Nf5
28. Nxd8 Rbxd8 29. Rxe8+ Rxe8 30. Kf1 Ng7 31. Re1 Rf8 32. Qe7 Rc8 33. Qd7 {Black
resigns} 1-0

[Event "Team 45 45 League T51"]
[Site "Internet Chess Club"]
[Date "2011.12.11"]
[Round "5"]
[White "randallsr"]
[Black "Grenadier"]
[Result "0-1"]
[WhiteElo "1683"]
[BlackElo "1763"]
[Opening "English: London defensive system"]
[ECO "A11"]
[Time "08:00:24"]
[TimeControl "2700+45"]

1. Nf3 d5 2. c4 c6 3. g3 Nf6 4. b3 Bf5 5. Bb2 e6 6. Bg2 Be7 7. Nh4 Be4 8. f3 Bg6
9. Nxg6 hxg6 10. Ba3 Qc7 11. Bxe7 Kxe7 12. Na3 Rxh2 13. Kf2 Rxh1 14. Bxh1 Nbd7
15. d4 Rh8 16. Qg1 Qa5 17. Nb1 dxc4 18. Bg2 cxb3 19. Qc1 Qb6 20. Qb2 bxa2 21.
Qxb6 Nxb6 22. Rxa2 Ra8 23. e3 Nfd5 24. Bf1 Kd6 25. Nd2 f5 26. Nb3 Nd7 27. Bd3
Nb4 28. Rd2 Nxd3+ 29. Rxd3 a5 30. Nd2 b5 31. Ke1 a4 32. e4 Rh8 33. e5+ Kc7 34.
f4 Nb6 35. Kd1 Nd5 36. Kc1 Rh3 37. Rf3 Kb6 38. Nf1 Rh1 39. Kb2 b4 40. Nd2 Rh2
41. Kc1 Kb5 42. Nf1 Rh1 43. Kb2 Nb6 {White resigns} 0-1

[Event "Team 45 45 League T51"]
[Site "Internet Chess Club"]
[Date "2011.12.11"]
[Round "5"]
[White "zepled37"]
[Black "Sirian"]
[Result "1/2-1/2"]
[WhiteElo "1625"]
[BlackElo "1589"]
[Opening "Scandinavian (center counter) defense"]
[ECO "B01"]
[Time "20:10:44"]
[TimeControl "2700+45"]

1. e4 d5 2. exd5 Qxd5 3. Nc3 Qa5 4. Bc4 Nf6 5. d3 c6 6. Bd2 Qc7 7. Qe2 Bf5 8.
Nf3 e6 9. O-O-O b5 10. Bb3 a5 11. a4 b4 12. Ne4 Nbd7 {Game drawn by mutual
agreement} 1/2-1/2

[Event "Team 45 45 League T51"]
[Site "Internet Chess Club"]
[Date "2011.12.11"]
[Round "5"]
[White "Signalman"]
[Black "bmw2002"]
[Result "0-1"]
[WhiteElo "1533"]
[BlackElo "1577"]
[Opening "Caro-Kann: Goldman (Spielmann) variation"]
[ECO "B11"]
[Time "04:52:07"]
[TimeControl "2700+45"]

1. e4 c6 2. Nc3 d5 3. Qf3 Nf6 4. d4 dxe4 5. Nxe4 Qxd4 6. Bd3 Nbd7 7. Ne2 Qb6 8.
O-O g6 9. Rb1 Bg7 10. N2c3 Nxe4 11. Nxe4 Ne5 12. Qe3 Be6 13. b3 O-O 14. a4 Qc7
15. Qf4 Rad8 16. Be3 Qa5 17. Nc5 Nxd3 18. cxd3 Rb8 19. Rfe1 Bd5 20. Nd7 e5 21.
Qg3 e4 22. dxe4 Bxe4 23. Nxb8 Bxb1 24. Rxb1 Re8 25. Kf1 Qf5 26. Rd1 Be5 27. f4
Bxb8 28. Re1 Qd3+ 29. Kg1 Qxb3 30. Bd4 Rxe1+ 31. Qxe1 Qe6 32. Qf2 a6 33. h3 Bd6
34. Qh4 Qf5 35. Qd8+ Bf8 36. Be5 Qe6 37. g4 Qe7 38. Qd4 Qc5 39. Qf2 Qxf2+ 40.
Kxf2 Bg7 41. Ke3 Bxe5 42. fxe5 Kg7 43. g5 h6 44. h4 b5 45. a5 c5 46. Kd3 hxg5
47. hxg5 Kf8 48. Ke4 Ke7 49. Kd5 c4 50. Kd4 Ke6 {White resigns} 0-1

[Event "Team 45 45 League T51"]
[Site "Internet Chess Club"]
[Date "2011.12.10"]
[Round "5"]
[White "Pason"]
[Black "chiiwen"]
[Result "0-1"]
[WhiteElo "2061"]
[BlackElo "2160"]
[Opening "QGD Slav: 4.Nc3"]
[ECO "D15"]
[Time "12:04:42"]
[TimeControl "2700+45"]

1. d4 d5 2. Nf3 Nf6 3. c4 c6 4. Nc3 a6 5. c5 Nbd7 6. Bf4 Nh5 7. Bg5 h6 8. Bd2
Nhf6 9. Bf4 Nh5 10. Be5 Nxe5 11. Nxe5 Nf6 12. e3 Bf5 13. Bd3 e6 14. O-O g6 15.
Be2 h5 16. f3 Rh7 17. h3 h4 18. Re1 Qc7 19. Na4 Rd8 20. Bf1 Rh8 21. b4 g5 22.
Nc3 Bg7 23. Qd2 Nh5 24. Nd3 Ng3 25. Ne2 Bg6 26. Nxg3 hxg3 27. a4 Bxd3 28. Qxd3
f5 29. b5 a5 30. b6 Qf7 31. Be2 Rh4 32. Ra2 Kd7 33. Bd1 Qf6 34. Qc3 Ra8 35. Rd2
Qh6 36. Kf1 Bf6 37. e4 dxe4 38. fxe4 Rf4+ 39. Kg1 g4 40. exf5 gxh3 41. fxe6+ Ke7
42. Qxg3 hxg2 43. Kxg2 Bh4 44. Qh2 Rg8+ 45. Kh1 Qf6 46. Rg1 Rh8 47. Qh3 Bf2 48.
Bh5 Rxh5 49. Qxh5 Rh4+ 50. Qxh4 Qxh4+ 51. Kg2 Qg3+ {White resigns} 0-1

[Event "Team 45 45 League T51"]
[Site "Internet Chess Club"]
[Date "2011.12.13"]
[Round "5"]
[White "gaibo4ever"]
[Black "koni"]
[Result "1-0"]
[WhiteElo "2121"]
[BlackElo "1871"]
[Opening "Sicilian: Sveshnikov variation"]
[ECO "B33"]
[Time "15:02:27"]
[TimeControl "2700+45"]

1. e4 c5 2. Nf3 Nc6 3. d4 cxd4 4. Nxd4 Nf6 5. Nc3 e5 6. Ndb5 d6 7. Bg5 a6 8. Na3
b5 9. Bxf6 gxf6 10. Nd5 f5 11. c3 Bg7 12. Bd3 Be6 13. O-O Bxd5 14. exd5 Ne7 15.
Qh5 e4 16. Bc2 O-O 17. f3 b4 18. Nc4 bxc3 19. b3 a5 20. fxe4 fxe4 21. Bxe4 Ng6
22. Bc2 a4 23. bxa4 Qc7 24. Bb3 Rae8 25. Rae1 Ne5 26. Nxe5 Rxe5 27. Rxe5 Bxe5
28. Bc2 f6 29. Rf3 Qe7 30. Rh3 Rf7 31. Qg4+ Kh8 32. Qc8+ Kg7 33. Rxh7# {Black
checkmated} 1-0

[Event "Team 45 45 League T51"]
[Site "Internet Chess Club"]
[Date "2011.12.12"]
[Round "5"]
[White "poni"]
[Black "NJSKing"]
[Result "0-1"]
[WhiteElo "1891"]
[BlackElo "1933"]
[Opening "Réti: King's Indian attack"]
[ECO "A05"]
[Time "04:22:38"]
[TimeControl "2700+45"]

1. Nf3 Nf6 2. g3 g6 3. Bg2 Bg7 4. O-O O-O 5. d3 d5 6. Nbd2 c5 7. e4 Nc6 8. c3 e5
9. Re1 Re8 10. a4 Be6 11. Ng5 Qd7 12. Nxe6 fxe6 13. Nf3 Rad8 14. Qe2 a6 15. Bg5
h6 16. Bxf6 Bxf6 17. Qe3 Bg7 18. Qxc5 Bf8 19. Qe3 d4 20. cxd4 Nxd4 21. Nxd4 Qxd4
22. Qxd4 Rxd4 23. Bf1 Rb4 24. Re2 Rd8 25. Rc2 Rdd4 26. a5 Rb5 27. Bh3 Kf7 28.
Rc7+ Kf6 29. f4 Rxb2 30. fxe5+ Kxe5 31. Rf1 Bd6 32. Rg7 Rxd3 33. Rxg6 Bc5+ 34.
Kh1 Rdd2 35. Rxe6+ Kd4 36. Rf5 Rxh2+ 37. Kg1 Rxh3 {White resigns} 0-1

[Event "Team 45 45 League T51"]
[Site "Internet Chess Club"]
[Date "2011.12.09"]
[Round "5"]
[White "martineden"]
[Black "pkktet"]
[Result "1/2-1/2"]
[WhiteElo "1884"]
[BlackElo "1796"]
[Opening "English: symmetrical, Benoni formation"]
[ECO "B38"]
[Time "10:00:08"]
[TimeControl "2700+45"]

1. d4 Nf6 2. Nf3 c5 3. c4 g6 4. Nc3 cxd4 5. Nxd4 Nc6 6. e4 Bg7 7. Be3 O-O 8. Be2
Nxd4 9. Bxd4 d6 10. O-O Bd7 11. f4 Bc6 12. Qd3 Nd7 13. b4 Bxd4+ 14. Qxd4 Qb6 15.
Qxb6 Nxb6 16. a4 Rac8 17. a5 Na8 18. Rad1 Nc7 19. b5 Bd7 20. e5 Ne8 21. Nd5 Rc5
22. Nxe7+ Kg7 23. exd6 Nf6 24. f5 gxf5 25. Rf3 Ne4 26. Bd3 Nxd6 27. Rg3+ Kh8 28.
Bf1 Re8 29. Rxd6 Rxe7 30. Bd3 Rce5 {Game drawn by mutual agreement} 1/2-1/2

[Event "Team 45 45 League T51"]
[Site "Internet Chess Club"]
[Date "2011.12.13"]
[Round "5"]
[White "QueensCounselor"]
[Black "Chess-Dream"]
[Result "1/2-1/2"]
[WhiteElo "2106"]
[BlackElo "2086"]
[Opening "QGD Slav: 4.Nc3"]
[ECO "D15"]
[Time "13:00:14"]
[TimeControl "2700+45"]

1. d4 d5 2. c4 c6 3. Nc3 Nf6 4. Nf3 a6 5. a4 e6 6. Bf4 Bb4 7. e3 Qa5 8. Rc1 dxc4
9. Bxc4 Nd5 10. Bxd5 cxd5 11. O-O Nc6 12. Qc2 Bd7 13. Rfd1 Rc8 14. Qb3 Qb6 15.
Na2 Bc5 16. Rc3 Qxb3 17. Rxb3 Na5 18. Rc3 Be7 19. Rdc1 Rxc3 20. Rxc3 Nc6 21. Nc1
O-O 22. Nd3 Rc8 23. Nfe5 Nxe5 24. Rxc8+ Bxc8 25. Nxe5 f6 26. Nd3 Bd7 27. b3
{Game drawn by mutual agreement} 1/2-1/2

[Event "Team 45 45 League T51"]
[Site "Internet Chess Club"]
[Date "2011.12.11"]
[Round "5"]
[White "Legal"]
[Black "fledermaus"]
[Result "1/2-1/2"]
[WhiteElo "2022"]
[BlackElo "1959"]
[Opening "Queen's bishop game"]
[ECO "D02"]
[Time "12:09:24"]
[TimeControl "2700+45"]

1. d4 d5 2. Nf3 Nf6 3. Bf4 c5 4. e3 Nc6 5. Nbd2 Qb6 6. Ne5 cxd4 7. Nxc6 bxc6 8.
Rb1 e5 9. Bg5 dxe3 10. Bxe3 Qc7 11. Nb3 Bd6 12. Bc5 O-O 13. Be2 Bf5 14. O-O a5
15. a4 Rfd8 16. Qd2 Ne4 17. Bxd6 Rxd6 18. Qe1 Ng5 19. Rc1 Rh6 20. f3 Rg6 21. g4
Nh3+ 22. Kh1 Bd7 23. Nc5 Nf4 24. Nd3 Nxe2 25. Qxe2 e4 26. Nc5 Re8 27. Nxd7 Qxd7
28. Rce1 Rge6 29. f4 e3 30. f5 Re4 31. b3 d4 32. Qf3 Qd5 33. Kg1 f6 34. Qe2 h5
35. h3 Qd6 36. Qf3 h4 37. Re2 d3 38. cxd3 Qxd3 39. g5 Qd6 40. g6 Qg3+ 41. Qxg3
hxg3 42. Rf3 R8e5 43. Kg2 Kf8 44. Kxg3 Ke7 45. Rf4 Kd6 46. Kf3 Kd5 47. h4 Rxf4+
48. Kxf4 Re4+ 49. Kg3 Kd4 50. h5 Kd3 51. Kf3 Re8 52. h6 gxh6 53. g7 Kd4 54. Re1
c5 55. Ke2 Kc3 56. Rg1 Rg8 57. Kxe3 Kxb3 58. Kd3 c4+ 59. Kd4 c3 60. Rg3 Kb4 61.
Kd3 Kb3 62. Kd4 Kb2 63. Rxc3 Rxg7 64. Rc6 Rg4+ 65. Kd5 Rxa4 66. Rxf6 Rf4 67. Ke5
Rb4 68. Rxh6 a4 69. f6 a3 70. f7 Rb8 71. Rb6+ Rxb6 72. f8=Q a2 73. Qf2+ Kb1 74.
Qxb6+ Ka1 75. Qa5 Kb2 76. Qb4+ Ka1 77. Qa3 Kb1 78. Qb3+ Ka1 79. Qd1+ Kb2 80. Kd4
a1=Q 81. Qxa1+ Kxa1 {Game drawn because neither player has mating material}
1/2-1/2

[Event "Team 45 45 League T51"]
[Site "Internet Chess Club"]
[Date "2011.12.18"]
[Round "5"]
[White "jonesey"]
[Black "LucaTrapani"]
[Result "0-1"]
[WhiteElo "1890"]
[BlackElo "1892"]
[Opening "French: Tarrasch"]
[ECO "C03"]
[Time "13:02:13"]
[TimeControl "2700+45"]

1. e4 e6 2. d4 d5 3. Nd2 Be7 4. Qg4 Nf6 5. Qxg7 Rg8 6. Qh6 dxe4 7. Qe3 Qd5 8.
Bc4 Qf5 9. Ne2 Rxg2 10. Ng3 Qh3 11. Bf1 Rxg3 12. fxg3 Qg4 13. Bg2 Bd7 14. O-O
Bc6 15. h3 Qg6 16. Rf4 Nd5 {White resigns} 0-1

[Event "Team 45 45 League T51"]
[Site "Internet Chess Club"]
[Date "2011.12.08"]
[Round "5"]
[White "Zekrom"]
[Black "civilization"]
[Result "1-0"]
[WhiteElo "1834"]
[BlackElo "1786"]
[Opening "Sicilian: closed"]
[ECO "B23"]
[Time "20:04:00"]
[TimeControl "2700+45"]

1. e4 c5 2. Nc3 e6 3. f4 d5 4. Bb5+ Nc6 5. Nf3 a6 6. Bxc6+ bxc6 7. d3 Nf6 8. O-O
Be7 9. Ne5 Bb7 10. Qe1 Nd7 11. Qg3 g6 12. f5 Nxe5 13. Qxe5 Bf6 14. Qf4 Bd4+ 15.
Kh1 Qe7 16. Ne2 O-O-O 17. c4 exf5 18. Nxd4 cxd4 19. cxd5 cxd5 20. exf5 Rhe8 21.
Qxd4 Bc6 22. Bd2 Qe5 23. Qb6 Qc7 24. Qxc7+ Kxc7 25. Ba5+ Kd7 26. Bxd8 Kxd8 27.
fxg6 fxg6 28. Rf6 Bb5 29. Rd6+ Kc7 30. Rxd5 Re2 31. Rc1+ Kb7 32. Rdc5 Rxb2 33.
R5c2 Rxc2 34. Rxc2 Bxd3 35. Rc3 Bf5 36. g3 h5 37. Kg2 Kb6 38. Kf3 Kb5 39. Ke3
Kb4 40. Kd4 Kb5 41. a3 Kb6 42. Ke5 Kb5 43. Kd6 Bg4 44. Ke7 Bf5 45. Kf6 Ka4 46.
Kg5 Kb5 47. Rf3 Bg4 48. Rf4 a5 49. Kxg6 Be2 50. h3 Bd1 51. g4 hxg4 52. hxg4 a4
53. g5 Kc5 54. Kf6 Kd6 55. Rd4+ {Black resigns} 1-0

[Event "Team 45 45 League T51"]
[Site "Internet Chess Club"]
[Date "2011.12.11"]
[Round "5"]
[White "BrerRabbit"]
[Black "tryanything"]
[Result "1/2-1/2"]
[WhiteElo "1500"]
[BlackElo "1585"]
[Opening "English opening"]
[ECO "A20"]
[Time "18:00:47"]
[TimeControl "2700+45"]

1. c4 e5 2. g3 Nf6 3. Bg2 Bc5 4. Nc3 O-O 5. e3 Nc6 6. Nge2 b6 7. d4 exd4 8. exd4
Bb4 9. O-O Bb7 10. a3 Bxc3 11. Nxc3 Rb8 12. Bg5 h6 13. Bf4 d6 14. Re1 Re8 15.
Qd3 a6 16. b4 Ne7 17. Re2 Bxg2 18. Kxg2 Ng6 19. Bd2 Qd7 20. Rae1 Rxe2 21. Rxe2
Re8 22. f3 Rxe2+ 23. Nxe2 b5 24. Nf4 Nxf4+ 25. Bxf4 c6 26. g4 d5 27. c5 Qe6 28.
Qe3 Qxe3 29. Bxe3 Kf8 30. Bf4 Nd7 31. h4 f6 32. Bd6+ Kf7 33. f4 g5 34. f5 Kg7
{Game drawn by mutual agreement} 1/2-1/2

[Event "Team 45 45 League T51"]
[Site "Internet Chess Club"]
[Date "2011.12.12"]
[Round "5"]
[White "nanning"]
[Black "dscvdchk"]
[Result "1-0"]
[WhiteElo "1505"]
[BlackElo "1401"]
[Opening "Réti: King's Indian attack"]
[ECO "A05"]
[Time "14:03:23"]
[TimeControl "2700+45"]

1. Nf3 Nf6 2. g3 g6 3. c4 c6 4. Bg2 Bg7 5. O-O O-O 6. d3 Re8 7. e4 e5 8. Nc3 d6
9. Rb1 a5 10. Be3 Na6 11. h3 Rb8 12. Qd2 b6 13. Nh2 Bb7 14. f4 Nc5 15. f5 Qc7
16. fxg6 fxg6 17. Rf2 Rf8 18. Rbf1 Bc8 19. Bg5 Ncd7 20. h4 Ba6 21. Bh3 Nh5 22.
Be6+ Kh8 23. Rf7 Bc8 24. Bh6 Qd8 25. Bxg7+ Nxg7 26. Qh6 Rxf7 27. Rxf7 Qg8 28.
Rxd7 Nxe6 29. Rxd6 Nd4 30. Qg5 Bh3 31. Qxe5+ Qg7 32. Qxd4 {Black resigns} 1-0

[Event "Team 45 45 League T51"]
[Site "Internet Chess Club"]
[Date "2011.12.08"]
[Round "5"]
[White "PsyMar"]
[Black "JohLeb"]
[Result "1-0"]
[WhiteElo "1414"]
[BlackElo "1446"]
[Opening "Sicilian: Labourdonnais-Löwenthal variation"]
[ECO "B32"]
[Time "11:59:28"]
[TimeControl "2700+45"]

1. e4 c5 2. Nf3 Nc6 3. d4 cxd4 4. Nxd4 e5 5. Nb5 Nf6 6. Bg5 Be7 7. Bxf6 Bxf6 8.
Nd6+ Kf8 9. Qd5 Qe7 10. Bc4 Nb4 11. Nxc8 Nxd5 12. Nxe7 Nxe7 13. O-O Rc8 14. Na3
a6 15. Rad1 Rc7 16. Bb3 g6 17. c3 Kg7 18. f4 Nc6 19. Nc4 b5 20. fxe5 Nxe5 21.
Nxe5 Bxe5 22. Rxf7+ Kh6 23. Rdxd7 Rxd7 24. Rxd7 Rf8 25. Rf7 Rd8 26. Bd5 b4 27.
Rf3 bxc3 28. bxc3 Rc8 29. c4 Rb8 30. Rb3 Rf8 31. g3 Bd4+ 32. Kg2 Rf2+ 33. Kh3
Rxa2 34. Rd3 Be5 35. c5 Rc2 36. c6 Kh5 37. Ra3 Rf2 38. Rxa6 g5 39. Be6 Re2 40.
Bf5 Re3 41. Ra7 g4+ 42. Bxg4+ Kg5 43. Bf5 h6 44. c7 Bxc7 45. Rxc7 {Black
resigns} 1-0

[Event "Team 45 45 League T51"]
[Site "Internet Chess Club"]
[Date "2011.12.08"]
[Round "5"]
[White "jjaillet2007"]
[Black "Skylab"]
[Result "0-1"]
[WhiteElo "1326"]
[BlackElo "1357"]
[Opening "QGD Slav defense"]
[ECO "D13"]
[Time "19:00:51"]
[TimeControl "2700+45"]

1. d4 d5 2. c4 c6 3. Nc3 Nf6 4. cxd5 cxd5 5. Nf3 Bf5 6. Bf4 a6 7. e3 Nc6 8. a3
e6 9. Bg5 Be7 10. Be2 O-O 11. O-O h6 12. Bh4 Ne8 13. Bxe7 Qxe7 14. Re1 Nf6 15.
Nh4 Bh7 16. Nf3 Nd7 17. Bd3 Bxd3 18. Qxd3 Qf6 19. e4 dxe4 20. Nxe4 Qd8 21. b4
Nf6 22. Nc5 Rb8 23. b5 axb5 24. Rab1 b4 25. axb4 Re8 26. b5 Ne7 27. Ne4 Ned5 28.
Nxf6+ Nxf6 29. Nd2 e5 30. d5 Nxd5 31. Nc4 f6 32. Qf3 Kh8 33. Rbd1 e4 34. Rxe4
Rxe4 35. Qxe4 Ra8 36. g3 Ra4 37. Rxd5 Qf8 38. Qd3 Ra8 39. Nb6 Re8 40. Rd7 Qc5
41. Rxb7 Qc1+ 42. Qf1 Re1 43. Rb8+ Kh7 44. Qxe1 Qxe1+ 45. Kg2 Qe4+ 46. Kh3 h5
47. Nd7 Qe6+ 48. Kg2 Qxd7 49. b6 Qd6 50. Re8 Qc6+ {White resigns} 0-1

[Event "Team 45 45 League T51"]
[Site "Internet Chess Club"]
[Date "2011.12.10"]
[Round "5"]
[White "Constrictor"]
[Black "oldprez"]
[Result "1-0"]
[WhiteElo "1673"]
[BlackElo "1463"]
[Opening "King's Indian: Zinnowitz variation"]
[ECO "E61"]
[Time "10:33:33"]
[TimeControl "2700+45"]

1. Nf3 Nf6 2. d4 g6 3. c4 Bg7 4. Nc3 O-O 5. Bg5 d6 6. e4 Nbd7 7. Be2 c5 8. d5 a6
9. a4 Qc7 10. O-O Re8 11. Qc2 h6 12. Bh4 Ng4 13. Nd2 Nge5 14. f4 g5 15. fxg5 Ng6
16. Bg3 hxg5 17. Bh5 Nde5 18. Nd1 Bg4 19. Bxg4 Nxg4 20. h3 Bd4+ 21. Kh1 Ne3 22.
Nxe3 Bxe3 23. Rf3 Bf4 24. Raf1 Bxg3 25. Rxg3 f6 26. Nf3 Rf8 27. h4 e5 28. hxg5
fxg5 29. Rxg5 Qh7+ 30. Kg1 Rf4 31. Qf2 Raf8 32. Qg3 R8f6 33. Rg4 Kf7 34. Ng5+
{Black resigns} 1-0

[Event "Team 45 45 League T51"]
[Site "Internet Chess Club"]
[Date "2011.12.11"]
[Round "5"]
[White "doublepar"]
[Black "FractalDante"]
[Result "1-0"]
[WhiteElo "1533"]
[BlackElo "1397"]
[Opening "Sicilian: Pelikan (Lasker/Sveshnikov) variation"]
[ECO "B33"]
[Time "09:02:12"]
[TimeControl "2700+45"]

1. e4 c5 2. Nf3 Nc6 3. d4 cxd4 4. Nxd4 Nf6 5. Nc3 e5 6. Nf3 Bb4 7. Bd2 O-O 8.
Bc4 Re8 9. O-O Bxc3 10. Bxc3 Nxe4 11. Bxf7+ Kxf7 12. Qd5+ Re6 13. Qxe4 Kg8 14.
Rad1 Qc7 15. Ng5 Rg6 16. Qd5+ {Black resigns} 1-0

[Event "Team 45 45 League T51"]
[Site "Internet Chess Club"]
[Date "2011.12.12"]
[Round "5"]
[White "Kiter"]
[Black "radiohead"]
[Result "0-1"]
[WhiteElo "1354"]
[BlackElo "1411"]
[Opening "Sicilian: Najdorf, Byrne (English) attack"]
[ECO "B90"]
[Time "21:30:03"]
[TimeControl "2700+45"]

1. e4 c5 2. Nf3 d6 3. d4 cxd4 4. Nxd4 Nf6 5. Nc3 a6 6. Be3 e5 7. Nf3 Be7 8. Ng5
O-O 9. Be2 h6 10. Nf3 Be6 11. Bxh6 gxh6 12. Nh4 Nxe4 13. g4 Nxc3 14. bxc3 Bxh4
15. Rg1 {White resigns} 0-1

[Event "Team 45 45 League T51"]
[Site "Internet Chess Club"]
[Date "2011.12.12"]
[Round "5"]
[White "maliboum"]
[Black "tcianciola"]
[Result "1-0"]
[WhiteElo "1295"]
[BlackElo "1151"]
[Opening "Sicilian: Labourdonnais-Löwenthal variation"]
[ECO "B32"]
[Time "19:00:13"]
[TimeControl "2700+45"]

1. e4 c5 2. Nf3 Nc6 3. d4 cxd4 4. Nxd4 e5 5. Nb3 Nf6 6. Bg5 Be7 7. N1d2 O-O 8.
c3 d5 9. exd5 Qxd5 10. Qc2 b6 11. Rd1 Qe6 12. Be2 Bb7 13. Bf3 e4 14. Be2 Qf5 15.
Bxf6 Bxf6 16. O-O Rfe8 17. f3 Na5 18. Nxa5 bxa5 19. Nxe4 Bxe4 20. fxe4 Qe5 21.
Bf3 Rac8 22. Rd5 Qc7 23. Rfd1 Qb6+ 24. Kh1 Qe3 25. R5d3 Qf4 26. g3 Qh6 27. Qa4
g6 28. Qxa5 Be5 29. Kg2 Qg5 30. Rd5 h5 31. Rd7 h4 32. Qd5 Kg7 33. Qxf7+ Kh6 34.
Qh7# {Black checkmated} 1-0

[Event "Team 45 45 League T51"]
[Site "Internet Chess Club"]
[Date "2011.12.09"]
[Round "5"]
[White "SirIvanhoe"]
[Black "alaskauk"]
[Result "0-1"]
[WhiteElo "1473"]
[BlackElo "1489"]
[Opening "Caro-Kann: Tartakower (Nimzovich) variation"]
[ECO "B15"]
[Time "15:00:38"]
[TimeControl "2700+45"]

1. e4 c6 2. d4 d5 3. Nc3 dxe4 4. Nxe4 Nf6 5. Nxf6+ exf6 6. Nf3 Be6 7. Be3 Bd6 8.
Be2 O-O 9. O-O Re8 10. c3 Nd7 11. Qd2 Qc7 12. Bd3 Bd5 13. Qe2 Bxf3 14. Qxf3
Bxh2+ 15. Kh1 Bd6 16. g3 Qa5 17. c4 g6 18. Bh6 Bf8 19. Bxf8 Kxf8 20. Kg2 Qg5 21.
Rh1 Kg7 22. Rh4 f5 23. Rah1 Rh8 24. Qe2 Rad8 25. f4 Qf6 26. Qe3 Nb6 27. Qe5 Qxe5
28. fxe5 Rd7 29. Kf3 Re7 30. Rh6 Nd7 31. Kf4 c5 32. g4 cxd4 33. gxf5 Nxe5 34.
f6+ Kxf6 35. Bb1 Nxc4 36. b3 Nd6 37. Rxh7 Rxh7 38. Rxh7 Nb5 39. Bd3 Nc3 40. a3
Nd5+ 41. Kg4 Re3 42. Bc4 Re5 43. Bxd5 Rxd5 44. Kf4 d3 45. Rh1 d2 46. Rd1 Rd3 47.
Ke4 Rd7 48. Ke3 Kg7 49. Kf4 f6 50. b4 g5+ 51. Kf5 Rd5+ 52. Ke4 Rd7 53. Kf5 Kf7
54. Ke4 Kg6 55. Ke3 f5 56. Rxd2 Rxd2 57. Kxd2 g4 58. Ke2 f4 59. Kf2 Kf5 60. a4
Ke4 {White resigns} 0-1

[Event "Team 45 45 League T51"]
[Site "Internet Chess Club"]
[Date "2011.12.10"]
[Round "5"]
[White "Tjet"]
[Black "LeanSixSigma"]
[Result "1/2-1/2"]
[WhiteElo "1444"]
[BlackElo "1387"]
[Opening "English opening"]
[ECO "A20"]
[Time "17:06:27"]
[TimeControl "2700+45"]

1. c4 e5 2. g3 Bc5 3. Bg2 c6 4. Nc3 a6 5. e3 Nf6 6. Nge2 O-O 7. O-O d6 8. d4
exd4 9. exd4 Bb6 10. Bg5 Bg4 11. b4 Re8 12. Re1 Nbd7 13. c5 Bc7 14. d5 Ne5 15.
Rf1 Nf3+ 16. Bxf3 Bxf3 17. Qd3 Bxd5 18. Nxd5 cxd5 19. Nf4 dxc5 20. Bxf6 Qxf6 21.
Nxd5 Qd8 22. Rad1 cxb4 23. Nxb4 Qxd3 24. Rxd3 Be5 25. Rfd1 g5 26. Rd7 b5 27. Nc6
Kf8 28. Nxe5 Rxe5 29. Rb7 Re7 30. Rb6 Kg7 31. Rdd6 Rea7 32. Kg2 Kg8 33. a3 Kg7
34. g4 Kg8 35. Kg3 Kg7 36. h4 gxh4+ 37. Kxh4 Re7 38. Rxa6 Rxa6 39. Rxa6 Re2 40.
f4 Re4 41. f5 Ra4 {Game drawn by mutual agreement} 1/2-1/2

[Event "Team 45 45 League T51"]
[Site "Internet Chess Club"]
[Date "2011.12.11"]
[Round "5"]
[White "dpmdpm"]
[Black "lawth3"]
[Result "1-0"]
[WhiteElo "1502"]
[BlackElo "1197"]
[Opening "Caro-Kann: exchange, Rubinstein variation"]
[ECO "B13"]
[Time "09:02:37"]
[TimeControl "2700+45"]

1. e4 c6 2. d4 d5 3. exd5 cxd5 4. Bd3 Nc6 5. c3 Nf6 6. Bf4 Qb6 7. Qc2 Bg4 8. Nd2
e6 9. Ngf3 Be7 10. h3 Bh5 11. O-O O-O 12. Rfe1 Rfd8 13. Ne5 Bd6 14. g4 Bg6 15.
Bxg6 fxg6 16. Bh2 Nd7 17. Nxd7 Rxd7 18. Bxd6 Rxd6 19. Nf3 Rc8 20. Qd2 h6 21. Ne5
Rf8 22. Nxg6 Rf6 23. Ne5 Rd8 24. Nxc6 bxc6 25. Re2 Rdf8 26. Rae1 e5 27. dxe5 Rf3
28. Kg2 Qd8 29. Rh1 R8f4 30. e6 Qf6 31. e7 Rxf2+ 32. Rxf2 Rxf2+ 33. Qxf2 Qxe7
34. Re1 Qb7 35. Re8+ Kh7 36. Qf5+ g6 37. Qf2 d4 38. cxd4 c5+ 39. Kg1 Qd7 40. Qe2
Qxd4+ 41. Qf2 Qd1+ 42. Re1 Qd5 43. Re7+ Kh8 44. Qf8+ {Black resigns} 1-0

[Event "Team 45 45 League T51"]
[Site "Internet Chess Club"]
[Date "2011.12.13"]
[Round "5"]
[White "cys456"]
[Black "mongmong"]
[Result "1/2-1/2"]
[WhiteElo "1625"]
[BlackElo "1607"]
[Opening "French: advance, Paulsen attack"]
[ECO "C02"]
[Time "17:00:18"]
[TimeControl "2700+45"]

1. e4 e6 2. d4 d5 3. e5 c5 4. c3 Nc6 5. Nf3 Qb6 6. a3 Nh6 7. b4 cxd4 8. cxd4 Nf5
9. Be3 g6 10. Be2 Nxe3 11. fxe3 Bh6 12. Qd2 Bd7 13. Nc3 O-O 14. Na4 Qd8 15. Nc5
b6 16. Nxd7 Qxd7 17. Bb5 a6 18. Bd3 a5 19. O-O Qe7 20. Rac1 Rac8 21. b5 Na7 22.
a4 Rc7 23. Rxc7 Qxc7 24. Rc1 Qd7 25. Qe2 Rc8 26. Rc2 Rxc2 27. Bxc2 Qc7 28. e4
dxe4 29. Qxe4 Qc3 30. Qd3 Qxd3 31. Bxd3 Kf8 32. Kf1 Ke7 33. Ke2 Nc8 34. Kd1 Bg7
35. Kc2 f6 36. Kb3 fxe5 37. dxe5 Kd7 38. Kc4 Ne7 39. Be4 Nf5 40. Bxf5 exf5 41.
Kd5 Bf8 42. e6+ Ke7 43. Nd2 Kf6 44. Nf3 Bc5 45. Ne5 Bg1 46. h3 Ke7 47. Nc6+ Ke8
48. Ke5 Be3 49. Kf6 Bh6 50. Ne5 Bd2 51. e7 Bc3 52. Ke6 Bxe5 53. Kxe5 Kxe7 54. g3
h6 55. h4 h5 56. Kd5 Kd7 57. Ke5 Ke7 58. Kd5 Kd7 59. Ke5 Ke7 {Game drawn by
repetition} 1/2-1/2

[Event "Team 45 45 League T51"]
[Site "Internet Chess Club"]
[Date "2011.12.12"]
[Round "5"]
[White "seattleblues"]
[Black "chesschessboy"]
[Result "1-0"]
[WhiteElo "1473"]
[BlackElo "1352"]
[Opening "Ruy Lopez: Berlin defense"]
[ECO "C65"]
[Time "20:31:43"]
[TimeControl "2700+45"]

1. e4 e5 2. Nf3 Nc6 3. Bb5 Nf6 4. d3 Qe7 5. O-O d6 6. h3 Be6 7. Re1 Qd7 8. Nbd2
O-O-O 9. Ng5 h6 10. Nxe6 fxe6 11. Nf3 a6 12. Ba4 Rg8 13. d4 exd4 14. Nxd4 b5 15.
Bb3 Nxd4 16. Qxd4 c5 17. Qc3 Be7 18. a4 Kb7 19. axb5 axb5 20. Qf3 Kb6 21. Bd2
Ra8 22. Rxa8 Rxa8 23. e5 Nd5 24. Bxd5 exd5 25. Qxd5 Rd8 26. Ra1 b4 27. e6 Qc6
28. Ra6+ Kxa6 29. Qxc6+ Ka5 30. Qc7+ Kb5 31. Qxe7 {Black resigns} 1-0